 Dungeon Crawl Stone Soup version 0.14-a0-1765-g49ce880 (webtiles) character file.

145 ReteAZ the Distorting Mummy (level 4, -1/35 HPs)
             Began as a Mummy Abyssal Knight on Jan 5, 2014.
             Was a Believer of Lugonu.
             Slain by an ice beast (5 damage)
             ... on Level 3 of the Dungeon.
             The game lasted 00:12:15 (2832 turns).

ReteAZ the Distorting Mummy (Mummy Abyssal Knight)  Turns: 2832, Time: 00:12:15

HP  -1/35        AC  3     Str 15      XL: 4   Next:  9%
MP   7/7         EV 10     Int 12      God: Lugonu [**....]
Gold 71          SH  0     Dex 11      Spells:  0 memorised,  3 levels left

rFire  x . .     SeeInvis .     a - +2 mace
rCold  + . .     Clarity  .     e - +0 leather armour
rNeg   + + +     Conserve .     (no shield)
rPois  +         rCorr    .     (no helmet)
rElec  .         rRot     +     (no cloak)
SustAb . .       Spirit   .     (no gloves)
rMut   .         Warding  .     (no boots)
Saprov . . .     Stasis   .     (no amulet)
                                (no ring)
                                i - +0,+7 ring of slaying

@: slightly resistant to hostile enchantments, very unstealthy
A: no food or potions, fire vulnerability, restore body, cold resistance 1, life
protection 3, poison resistance, torment resistance, unbreathing
a: Depart the Abyss, Bend Space, Renounce Religion


You were on level 3 of the Dungeon.
You worshipped Lugonu.
Lugonu was pleased with you.
You were not hungry.

You visited 1 branch of the dungeon, and saw 3 of its levels.
You visited the Abyss 1 time.

You collected 71 gold pieces.

Inventory:

Hand weapons
 a - a +2,+2 mace (weapon)
 j - a +4,+4 elven dagger
 k - a +1,+2 dagger of venom
 l - a +0,+0 dagger of venom
Missiles
 d - 13 sling bullets (quivered)
Armour
 e - a +0 leather armour (worn)
 f - a +0 chain mail
Scrolls
 c - a scroll of recharging {unknown}
 g - a scroll of identify
Jewellery
 i - a +0,+7 ring of slaying (left hand)


   Skills:
 - Level 3.3 Fighting
 - Level 1.5 Maces & Flails
 - Level 1.5 Armour
 - Level 0.7 Dodging
 + Level 3.6 Invocations


You had 3 spell levels left.
You didn't know any spells.

Dungeon Overview and Level Annotations

Branches:
Dungeon (3/16)

Altars:
Cheibriados
Makhleb
Vehumet


Innate Abilities, Weirdness & Mutations

You do not eat or drink.
Your flesh is vulnerable to fire.
Your flesh is cold resistant.
You are immune to negative energy.
Your system is resistant to poisons.
You are immune to unholy pain and torment.
You can survive without breathing.


Message History

The ice beast freezes you. You resist.
You closely miss the ice beast. The ice beast misses you.
You hit the ice beast.
The ice beast is lightly wounded.
The ice beast barely misses you.
You sock the ice beast!
The ice beast is heavily wounded.
The ice beast hits you. The ice beast freezes you! You resist.
The ice beast hits you but does no damage.
You hit the ice beast.
The ice beast is severely wounded.
The ice beast closely misses you.
You barely miss the ice beast.
The ice beast is severely wounded.
The ice beast hits you. The ice beast freezes you! You resist.
* * * LOW HITPOINT WARNING * * *
You closely miss the ice beast.
The ice beast is severely wounded.
The ice beast barely misses you. The ice beast hits you.
You die...

..# .... .....
.......######
[.((....(I@.##.#
.......####.##.#
##### #.##.#
#.##.# #.##.#
#.##.# # #
#.##.# .#.
#.##.# #.#
#.##.# #.#


You could see an ice beast.

Vanquished Creatures
  2 adders (D:2)
  3 worms
  An ooze (D:1)
  A hobgoblin (D:2)
  2 jackals (D:2)
  2 quokkas (D:2)
  2 ball pythons
  11 bats
  A giant cockroach (D:2)
  A giant newt (D:3)
  8 goblins
  5 kobolds
  A rat (D:2)
40 creatures vanquished.

Notes
Turn   | Place    | Note
--------------------------------------------------------------
     0 | Abyss:1  | ReteAZ, the Mummy Abyssal Knight, began the quest for the Orb.
     0 | Abyss:1  | Reached XP level 1. HP: 18/18 MP: 1/1
    25 | Abyss:1  | Found a corrupted altar of Lugonu.
    99 | Abyss:1  | Noticed a five-headed hydra
   102 | D:1      | Escaped the Abyss
   322 | D:1      | Acquired Lugonu's first power
   488 | D:1      | Reached XP level 2. HP: 21/24 MP: 2/2
   918 | D:2      | Reached XP level 3. HP: 2/29 MP: 4/4
  1581 | D:2      | Found a radiant altar of Vehumet.
  1603 | D:2      | Found a burning altar of Makhleb.
  1782 | D:2      | Acquired Lugonu's second power
  2463 | D:3      | Reached XP level 4. HP: 35/35 MP: 7/7
  2578 | D:3      | Found a snail-covered altar of Cheibriados.
  2816 | D:3      | Noticed an ice beast
  2832 | D:3      | Slain by an ice beast

Action                   |  1- 3 |  4- 6 || total
-------------------------+-------+-------++-------
Melee: Mace              |    90 |    17 ||   107
Throw: Dart              |    15 |     2 ||    17
Invok: Depart the Abyss  |     1 |       ||     1
  Use: Scroll            |     7 |       ||     7
